 Dungeon Sprint DCSS version 0.27.1-3-gb3d3a73c9e (webtiles) character file.

Game seed: 17337235171697102508

249 Eitelfritz the Covert (level 5, -1/24 HPs)
             Began as a Spriggan Enchanter on Oct 22, 2021.
             Slain by a slime creature (7 damage)
             ... in the Dungeon (Sprint I: "Red Sonja").
             The game lasted 00:01:57 (380 turns).

Eitelfritz the Covert (Spriggan Enchanter)           Turns: 380, Time: 00:01:58

Health: -1/24      AC:  2    Str:  5    XL:     5   Next: 86%
Magic:  11/14      EV: 19    Int: 17    God:
Gold:   162        SH:  0    Dex: 15    Spells: 4/16 levels left

rFire    . . .     SeeInvis +   a - +1 dagger
rCold    . . .     Faith    .   (shield restricted)
rNeg     . . .     Spirit   .   b - +0 robe
rPois    .         Reflect  .   (helmet restricted)
rElec    .         Harm     .   (no cloak)
rCorr    .         Rampage  .   (gloves unavailable)
Will     .....     NoTele   +   (boots unavailable)
Stlth    +++++.....             (no amulet)
HPRegen  0.08/turn              (no ring)
MPRegen  0.14/turn              (no ring)

@: very quick
A: very small, no large weapons, unfitting armour, see invisible, speed 3
a: no special abilities


You were in the Dungeon.
You visited 1 branch You collected 162 gold pieces.

Inventory:

Hand Weapons
 a - a +1 dagger (weapon)
Armour
 b - a +0 robe (worn)
Wands
 g - a wand of flame (19)
Scrolls
 h - a scroll of blinking
Potions
 c - a potion of curing
 d - 2 potions of heal wounds
 e - a potion of haste
 f - 2 potions of magic


   Skills:
 + Level 2.5 Short Blades
 + Level 6.0 Dodging
 + Level 11.2 Stealth
 + Level 6.3 Spellcasting
 + Level 9.7 Hexes


You had 4 spell levels left.
You knew the following spells:

 Your Spells              Type           Power      Damage    Failure   Level
a - Corona                Hex            42%        N/A       1%          1
b - Ensorcelled Hibernat  Hex/Ice        42%        N/A       2%          2
c - Confusing Touch       Hex            38%        N/A       1%          3
d - Tukima's Dance        Hex            38%        N/A       1%          3
e - Dazzling Flash        Conj/Hex       42%        N/A       4%          3

Your spell library contained the following spells:

 Spells                   Type           Power      Damage    Failure   Level


Dungeon Overview and Level Annotations

Branches:
Dungeon (1/1)

Altars:
Makhleb
Xom
Jiyva
Lugonu


Innate Abilities, Weirdness & Mutations

You are very small and have problems with some larger weapons.
You are too small for most types of armour.
You have supernaturally acute eyesight. (SInv)
You cover ground extremely quickly. (Speed+++)


Message History

Your Short Blades skill increases to level 2!
Your Dodging skill gained 2 levels and is now at level 6!
Your Stealth skill gained 3 levels and is now at level 11!
Your Spellcasting skill increases to level 6!
Your Hexes skill gained 2 levels and is now at level 9!
You have reached level 5!
You feel clever.
Things that are here:
a +0 scythe; a +0 robe You already know all available spells.
Unknown command.
You start resting.
Magic restored.
You open the door.
Found 108 gold pieces.
There is an open door here.
You now have 81 gold pieces (gained 27).
You now have 108 gold pieces (gained 27).
You now have 135 gold pieces (gained 27).
You now have 162 gold pieces (gained 27).
You open the door.
A slime creature comes into view.
Found four altars.
There is an open door here.
The helpless slime creature fails to defend itself.
You perforate the slime creature like a sieve!!!
The slime creature is almost dead.
The slime creature closely misses you.
Cast which spell? (? or * to list)
Your hands begin to glow red.
The slime creature barely misses you.
You hit the slime creature but do no damage.
The slime creature appears confused.
The slime creature is almost dead.
The slime creature hits you!!
Ouch! That really hurt!
* * * LOW HITPOINT WARNING * * *
You hit the slime creature but do no damage.
The slime creature is almost dead.
The slime creature hits you!
You die...

###################
#<.#..'..#.)'..#__#
#..').#.)'..#..'@J+
#..#####'#####+#__#
#..# #..# #### #..#
#### #..# #⌠⌠# ####


You could see a slime creature (confused).

Vanquished Creatures
  Sigmund (D)
  An ogre (D)
  Ijyb (D)
3 creatures vanquished.

Vanquished Creatures (others)
  A gargoyle (D)
1 creature vanquished.

Grand Total: 4 creatures vanquished

Notes
Turn   | Place    | Note
-------+----------+-------------------------------------------
     0 | D        | Eitelfritz the Spriggan Enchanter began the quest for the
                  | Orb.
     0 | D        | Reached XP level 1. HP: 9/9 MP: 5/5
     2 | D        | Noticed Ijyb
    11 | D        | Killed Ijyb
    12 | D        | Reached skill level 6 in Stealth
    12 | D        | Reached skill level 5 in Hexes
    12 | D        | Reached XP level 2. HP: 1/13 MP: 5/7
    31 | D        | Learned a level 2 spell: Ensorcelled Hibernation
   212 | D        | Killed a gargoyle
   301 | D        | Noticed an ogre
   303 | D        | Killed an ogre
   304 | D        | Reached skill level 8 in Stealth
   304 | D        | Reached skill level 5 in Spellcasting
   304 | D        | Reached XP level 3. HP: 16/16 MP: 7/10
   304 | D        | Reached XP level 4. HP: 21/21 MP: 8/12
   308 | D        | Learned a level 3 spell: Confusing Touch
   312 | D        | Learned a level 3 spell: Tukima's Dance
   316 | D        | Learned a level 3 spell: Dazzling Flash
   344 | D        | Noticed Sigmund
   347 | D        | Killed Sigmund
   348 | D        | Reached skill level 11 in Stealth
   348 | D        | Reached XP level 5. HP: 24/24 MP: 12/14
   374 | D        | Found a burning altar of Makhleb.
   374 | D        | Found a viscous altar of Jiyva.
   374 | D        | Found a shimmering altar of Xom.
   374 | D        | Found a corrupted altar of Lugonu.
   374 | D        | Noticed a slime creature
   380 | D        | Slain by a slime creature

Illustrated notes

Levels and vault maps discovered:
D:        dungeon_sprint_1 [red_sonja_temple_1, red_sonja_temple_small_1]

Skill      XL: |  1  2  3  4 |
---------------+-------------+-----
Dodging        | 3 4 6 |  6.0
Stealth        | 6 8 11 | 11.2
Spellcasting   | 3 5 6 |  6.3
Hexes          | 5 7 9 |  9.7
Short Blades   | 2 |  2.5

Action                   |  1- 3 |  4- 6 || total
-------------------------+-------+-------++-------
Melee: Dagger            |     9 |     4 ||    13
 Cast: Confusing Touch   |       |     1 ||     1
  Use: Potion            |     1 |       ||     1
 Stab: Sleeping          |     1 |     2 ||     3
Dodge: Dodged            |     3 |     2 ||     5
